AoeStats
← nicolasbsl52

Fortress

509876773Analyzed
2v2 RM · 5d ago on Sep 28, 2026· 69m 0s· 4 players
Game mode
Random Map
Map size
Normal (6 player)
Population
200
Speed
Normal
Resources
Standard
Victory
Conquest
Starting age
Dark Age
Ending age
Imperial Age
RankedLock teamsTeams togetherTeam positionsShared explorationLock speedFull tech treeHidden civsTurbo modeCheats
Victory
Defeat
🇷🇺 Franks · Russia
695
+8
🇨🇳 Bengalis · China
546
+13
🇨🇭 Jurchens · Switzerland
525
-12
🇬🇧 Georgians · United Kingdom
462
-9
Chrisjohn09
7:21 Feudal Age
8:41 Double-Bit Axe
8:43 Horse Collar
14:26 Castle Age
14:16 Wheelbarrow
16:30 Bow Saw
18:09 Stone Mining
18:09 Gold Mining
27:18 Scale Barding Armor
27:23 Forging
27:03 Fletching
27:14 Padded Archer Armor
33:19 Imperial Age
30:50 Bodkin Arrow
31:11 Leather Archer Armor
31:32 Iron Casting
32:21 Chain Barding Armor
32:26 Hand Cart
33:47 Stone Shaft Mining
34:23 Scale Mail Armor
34:18 Heavy Cavalry Archer
35:24 Parthian Tactics
35:44 Pikeman
36:44 Chain Mail Armor
36:30 Bracer
38:44 Plate Mail Armor
39:36 Squires
41:02 Plate Barding Armor
41:28 Blast Furnace
41:19 Halberdier
44:21 Arson
47:26 Aznauri Cavalry
47:34 Gambesons
50:49 Elite Monaspa
56:35 Ballistics
56:27 Fortified Wall
67:34 Chemistry
nicolasbsl52
9:26 Feudal Age
17:02 Castle Age
16:37 Double-Bit Axe
20:17 Light Cavalry
23:33 Horse Collar
24:27 Heavy Plow
26:17 Bloodlines
26:09 Husbandry
27:54 Scale Barding Armor
28:00 Forging
27:51 Scale Mail Armor
34:43 Imperial Age
35:29 Wheelbarrow
34:57 Elite Steppe Lancer
39:33 Crop Rotation
39:01 Gold Mining
39:02 Stone Mining
39:35 Bow Saw
41:48 Fortified Wall
41:49 Masonry
41:46 Siege Engineers
41:28 Arrowslits
41:34 Guard Tower
41:40 Murder Holes
47:47 Hand Cart
47:19 Loom
47:20 Town Watch
48:55 Two-Man Saw
48:08 Town Patrol
49:52 Hussar
51:11 Iron Casting
50:52 Chain Mail Armor
50:59 Chain Barding Armor
54:09 Conscription
53:51 Fortified Bastions
54:41 Hoardings
53:48 Elite Skirmisher
56:19 Gold Shaft Mining
56:21 Stone Shaft Mining
56:17 Fletching
56:28 Padded Archer Armor
57:29 Blast Furnace
57:05 Plate Barding Armor
59:39 Bodkin Arrow
60:00 Leather Archer Armor
69:11 Bracer
69:42 Ring Archer Armor
RESPECT
8:35 Feudal Age
9:06 Double-Bit Axe
15:20 Castle Age
15:03 Scale Barding Armor
15:21 Gold Mining
16:35 Wheelbarrow
16:59 Loom
17:30 Loom
18:42 Bow Saw
18:56 Husbandry
23:38 Chain Barding Armor
30:37 Imperial Age
30:44 Imperial Age
32:16 Plate Barding Armor
31:51 Forging
32:07 Conscription
31:50 Chivalry
33:05 Hand Cart
33:18 Cavalier
34:34 Stone Mining
35:31 Iron Casting
37:21 Blast Furnace
37:36 Gold Shaft Mining
37:20 Fortified Wall
37:23 Masonry
37:29 Pikeman
38:26 Scale Mail Armor
38:39 Squires
38:13 Paladin
40:17 Chain Mail Armor
40:11 Town Watch
41:33 Plate Mail Armor
44:05 Architecture
43:32 Murder Holes
48:25 Hoardings
48:11 Town Patrol
48:31 Fletching
48:41 Padded Archer Armor
49:00 Elite Throwing Axeman
50:12 Bodkin Arrow
50:33 Leather Archer Armor
51:54 Caravan
54:03 Ballistics
57:47 Siege Engineers
神奇宝宝
5:49 Loom
7:34 Feudal Age
8:06 Double-Bit Axe
8:04 Horse Collar
10:49 Wheelbarrow
11:24 Gold Mining
15:09 Castle Age
15:33 Forging
15:23 Scale Mail Armor
15:28 Scale Barding Armor
15:51 Stone Mining
16:37 Gold Shaft Mining
18:44 Paiks
18:53 Squires
21:30 Gold Shaft Mining
20:26 Pikeman
22:02 Bloodlines
24:09 Light Cavalry
27:32 Bow Saw
28:14 Gambesons
31:07 Hand Cart
31:04 Husbandry
36:36 Imperial Age
37:44 Iron Casting
37:14 Scale Barding Armor
37:24 Chain Mail Armor
37:52 Conscription
39:40 Blast Furnace
38:55 Chain Mail Armor
38:45 Scale Barding Armor
38:32 Fletching
38:42 Padded Archer Armor
39:53 Elite Ratha (Ranged)
48:27 Chemistry
47:48 Ballistics
48:50 Two-Man Saw
48:19 Mahayana
47:30 Halberdier
53:00 Chain Barding Armor
52:36 Bodkin Arrow
52:41 Padded Archer Armor
62:36 Siege Elephant
Connection lost

Rejoining the realm…

Still unreachable

The connection could not be restored.

Session expired

The server has moved on; the page needs a fresh start.